 Dungeon Crawl Stone Soup version 0.27-a0-1196-g3e9cee4cb2 (webtiles) character file.

Game seed: 13596645475486564212

51 EnegeticOcto the Stinger (level 3, -5/26 HPs)
             Began as a Gnoll Venom Mage on May 27, 2021.
             Slain by raumwalross's ghost (9 damage)
             ... on level 3 of the Dungeon.
             The game lasted 00:02:56 (406 turns).

EnegeticOcto the Stinger (Gnoll Venom Mage)          Turns: 406, Time: 00:02:57

Health: -5/26      AC:  3    Str:  7    XL:     3   Next: 81%
Magic:  5/9        EV: 13    Int: 21    God:
Gold:   27         SH:  0    Dex: 12    Spells: 11/12 levels left

rFire    . . .     SeeInvis .   c - +0 hand axe
rCold    . . .     Faith    .   (no shield)
rNeg     . . .     Spirit   .   a - +0 robe
rPois    .         Reflect  .   i - +0 helmet
rElec    .         Harm     .   (no cloak)
rCorr    .         Rampage  .   (no gloves)
Will     .....                  (no boots)
Stlth    ++........             (no amulet)
HPRegen  0.08/turn              b - +6 ring of intelligence
MPRegen  0.11/turn              (no ring)

@: no status effects
A: fangs 1, strong nose, distributed training
a: no special abilities


You were on level 3 of the Dungeon.
You visited 1 branch of the dungeon, and saw 3 of its levels.

You collected 27 gold pieces.

Inventory:

Hand Weapons
 c - a +0 hand axe (weapon)
   (You found it on level 1 of the Dungeon)
Armour
 a - a +0 robe (worn)
 d - a +0 buckler
   (You found it on level 1 of the Dungeon)
 i - a +0 helmet (worn)
   (You found it on level 3 of the Dungeon)
Jewellery
 b - a +6 ring of intelligence (left hand)
   (You found it on level 1 of the Dungeon)
 h - a +6 ring of dexterity
   (You found it on level 3 of the Dungeon)
Scrolls
 e - a scroll of enchant weapon
 f - a scroll of noise


   Skills:
 + Level 1.0 Fighting
 + Level 1.0 Short Blades
 + Level 1.0 Long Blades
 + Level 1.0 Axes
 + Level 1.0 Maces & Flails
 + Level 1.0 Polearms
 + Level 1.0 Staves
 + Level 1.0 Slings
 + Level 1.0 Bows
 + Level 1.0 Crossbows
 + Level 1.0 Throwing
 + Level 1.0 Armour
 + Level 4.6 Dodging
 + Level 4.2 Stealth
 + Level 1.0 Shields
 + Level 1.0 Unarmed Combat
 + Level 5.0 Spellcasting
 + Level 0.7 Conjurations
 + Level 0.7 Hexes
 + Level 0.7 Summonings
 + Level 0.7 Necromancy
 + Level 0.7 Translocations
 + Level 2.1 Transmutations
 + Level 0.7 Fire Magic
 + Level 0.7 Ice Magic
 + Level 0.7 Air Magic
 + Level 0.7 Earth Magic
 + Level 5.4 Poison Magic
 + Level 1.0 Invocations
 + Level 1.0 Evocations


You had 11 spell levels left.
You knew the following spells:

 Your Spells              Type           Power      Damage    Failure   Level
a - Sting                 Tmut/Pois      84%        1d7       2%          1

Your spell library contained the following spells:

 Spells                   Type           Power      Damage    Failure   Level
 Poisonous Vapours        Pois/Air       36%        N/A       4%          2
 Ignite Poison            Fire/Tmut/Pois 16%        N/A       11%         3
 Olgreb's Toxic Radiance  Pois           28%        N/A       12%         4
 Mephitic Cloud           Conj/Pois/Air  14%        N/A       13%         3


Dungeon Overview and Level Annotations

Branches:
Dungeon (3/15)

Altars:

Shops:
D:2 !

Annotations:
D:3 raumwalross's ghost, weakling NaTm


Innate Abilities, Weirdness & Mutations

You have very sharp teeth.
Your uncanny sense of smell can sniff out nearby items.
Your experience applies equally to all skills.


Message History

The quasit closely misses you. The quasit barely misses you.
The quasit misses you.
There is a transporter here.
You enter the transporter and appear at another place.
The quasit bites you but does no damage.
The quasit barely misses you. The quasit closely misses you.
Raumwalross's ghost barely misses you.
The quasit bites you but does no damage.
The quasit closely misses you.
The quasit claws you but does no damage.
Raumwalross's ghost closely misses you. Raumwalross's ghost barely misses you.
Raumwalross's ghost whispers, "Death is liberation."
Raumwalross's ghost wails, "I was like you once."
The quasit bites you.
You feel clumsy.
The quasit claws you but does no damage. x2
There is a stone staircase leading up here.
Raumwalross's ghost briefly turns into a dragon and back.
The quasit bites you. The quasit barely misses you. The quasit misses you.
Casting: Sting (safe; 2% risk of failure)
Confirm with . or Enter, or press ? or * to list all spells.
Aiming: Sting (safe; 2% risk of failure)
Press: ? - help, Shift-Dir - straight line, f - quasit
Aim: a quasit (51% to hit)
The sting hits the quasit but does no damage.
The quasit is poisoned.
The quasit closely misses you.
The quasit claws you but does no damage.
The quasit claws you. The quasit bites you. The quasit claws you.
The quasit claws you but does no damage.
Casting: Sting (safe; 2% risk of failure)
Confirm with . or Enter, or press ? or * to list all spells.
Aiming: Sting (safe; 2% risk of failure)
Press: ? - help, Shift-Dir - straight line, f/p - quasit
Aim: a quasit (moderately wounded, poisoned, 51% to hit)
The sting hits the quasit.
The quasit looks even sicker.
The quasit is moderately wounded.
The quasit bites you but does no damage.
The quasit closely misses you. The quasit barely misses you.
Raumwalross's ghost ripples.
The quasit bites you. The quasit closely misses you. The quasit misses you.
The quasit closely misses you. The quasit barely misses you. x2
Casting: Sting (safe; 2% risk of failure)
Confirm with . or Enter, or press ? or * to list all spells.
Aiming: Sting (safe; 2% risk of failure)
Press: ? - help, Shift-Dir - straight line, f/p - quasit
Aim: a quasit (severely wounded, poisoned, 51% to hit)
The sting misses the quasit.
The quasit closely misses you. x2
The quasit misses you.
Casting: Sting (safe; 2% risk of failure)
Confirm with . or Enter, or press ? or * to list all spells.
Aiming: Sting (safe; 2% risk of failure)
Press: ? - help, Shift-Dir - straight line, f/p - quasit
Aim: a quasit (severely wounded, poisoned, 51% to hit)
The sting hits the quasit.
The quasit looks even sicker.
The quasit is almost dead.
The quasit closely misses you.
The quasit claws you but does no damage.
The quasit closely misses you.
You kill the quasit!
You feel your dexterity returning.
Your Fighting skill increases to level 1!
Your Short Blades skill increases to level 1!
Your Long Blades skill increases to level 1!
Your Axes skill increases to level 1!
Your Maces & Flails skill increases to level 1!
Your Polearms skill increases to level 1!
Your Staves skill increases to level 1!
Your Slings skill increases to level 1!
Your Bows skill increases to level 1!
Your Crossbows skill increases to level 1!
Your Throwing skill increases to level 1!
Your Armour skill increases to level 1!
Your Shields skill increases to level 1!
Your Unarmed Combat skill increases to level 1!
Your Spellcasting skill increases to level 5!
Your Invocations skill increases to level 1!
Your Evocations skill increases to level 1!
You have reached level 3!
Your experience leads to an increase in your attributes!
Your base attributes are Str 7, Int 14, Dex 12.
Increase (s)trength, (i)ntelligence, or (d)exterity?
You feel clever.
Press: ? - help, v - describe, . - travel
Here: raumwalross's ghost The floor.
Unknown command.
An adder comes into view.
A worm comes into view.
Raumwalross's ghost whispers, "Death doesn't hurt.
What you feel is life."
As you read the scroll labelled ICUIZET KAECOTS, it crumbles to dust.
The creatures around you are filled with an inner flame!
It was a scroll of immolation.
Raumwalross's ghost hits you!
* * * LOW HITPOINT WARNING * * *
You hit the worm.
Flame seeps out of the worm.
The worm is lightly wounded.
You hit raumwalross's ghost.
Flame seeps out of raumwalross's ghost.
Raumwalross's ghost is engulfed in blazing flames.
Flame seeps out of raumwalross's ghost.
Raumwalross's ghost hits you!
You die...

#########
##.## #.# #.#
##### #.# S..#
#.# ##
#.######.# ..
#........#
#.###.########
#.w@W.#
####### #.. ..
.. #. #. #. #.
#


You could see a worm (inner flame) and raumwalross's ghost (inner flame).

Vanquished Creatures
  A quasit (D:3)
  2 worms (D:2)
  A dart slug (D:2)
  An endoplasm (D:1)
  A hobgoblin (D:2)
  A jackal (D:3)
  2 kobolds (D:1)
  A quokka (D:2)
  A bat (D:2)
  A frilled lizard (D:1)
  2 goblins (D:2)
  A rat (D:1)
15 creatures vanquished.

Notes
Turn   | Place    | Note
-------+----------+-------------------------------------------
     0 | D:1      | EnegeticOcto the Gnoll Venom Mage began the quest for the
                  | Orb.
     0 | D:1      | Reached XP level 1. HP: 13/13 MP: 6/6
    55 | D:1      | Reached skill level 2 in Transmutations
   160 | D:2      | Reached XP level 2. HP: 11/20 MP: 2/7
   165 | D:3      | Noticed a wight
   165 | D:3      | Noticed a wight
   165 | D:3      | Noticed a wight
   165 | D:3      | Noticed a wight
   188 | D:2      | Found Noukhlu's Distillery.
   281 | D:3      | Found a transporter.
   324 | D:3      | Noticed raumwalross's ghost (weakling NaTm)
   353 | D:3      | Found a transporter.
   396 | D:3      | Reached skill level 1 in Fighting
   396 | D:3      | Reached skill level 1 in Short Blades
   396 | D:3      | Reached skill level 1 in Long Blades
   396 | D:3      | Reached skill level 1 in Axes
   396 | D:3      | Reached skill level 1 in Maces & Flails
   396 | D:3      | Reached skill level 1 in Polearms
   396 | D:3      | Reached skill level 1 in Staves
   396 | D:3      | Reached skill level 1 in Slings
   396 | D:3      | Reached skill level 1 in Bows
   396 | D:3      | Reached skill level 1 in Crossbows
   396 | D:3      | Reached skill level 1 in Throwing
   396 | D:3      | Reached skill level 1 in Armour
   396 | D:3      | Reached skill level 1 in Shields
   396 | D:3      | Reached skill level 1 in Unarmed Combat
   396 | D:3      | Reached skill level 5 in Spellcasting
   396 | D:3      | Reached skill level 1 in Invocations
   396 | D:3      | Reached skill level 1 in Evocations
   396 | D:3      | Reached XP level 3. HP: 11/26 MP: 4/9
   406 | D:3      | Slain by raumwalross's ghost

Illustrated notes

Levels and vault maps discovered:
D:1:      lightli_arrival_farm, layout_basic,
          hellmonk_ecumenical_altar_dog_temple, minmay_misc_feat_room,
          nrook_mini_vaults, minmay_close_crescents
D:2:      layout_basic, serial_shops, nicolae_shop_overgrown_old_shop, shop,
          shop_fountains, shop, nicolae_shop_trees, chequers_decorated_corner
D:3:      layout_loops_cross, old_standard_altar, gammafunk_ghost_stat_death

Skill      XL: |  1  2 |
---------------+-------+-----
Transmutations | 2 |  2.1
Fighting       | 1 |  1.0
Short Blades   | 1 |  1.0
Long Blades    | 1 |  1.0
Axes           | 1 |  1.0
Maces & Flails | 1 |  1.0
Polearms       | 1 |  1.0
Staves         | 1 |  1.0
Slings         | 1 |  1.0
Bows           | 1 |  1.0
Crossbows      | 1 |  1.0
Throwing       | 1 |  1.0
Armour         | 1 |  1.0
Shields        | 1 |  1.0
Unarmed Combat | 1 |  1.0
Spellcasting   | 5 |  5.0
Invocations    | 1 |  1.0
Evocations     | 1 |  1.0
Dodging        | |  4.6
Stealth        | |  4.2
Conjurations   | |  0.7
Hexes          | |  0.7
Summonings     | |  0.7
Necromancy     | |  0.7
Translocations | |  0.7
Fire Magic     | |  0.7
Ice Magic      | |  0.7
Air Magic      | |  0.7
Earth Magic    | |  0.7
Poison Magic   | |  5.4

Action                   || total
-------------------------++-------
Melee: Hand axe          ||     7
 Cast: Sting             ||    31
  Use: Scroll            ||     3
Armor: Robe              ||    17
Dodge: Dodged            ||    70

Table legend: (Time is in decaauts)
 A = Elapsed time spent in this place.
 B = Non-inter-level travel time spent in this place.
 C = Inter-level travel time spent in this place.
 D = Time resting spent in this place.
 E = Time spent auto-exploring this place.
 F = Levels seen in this place.
 G = Mean time per level.
                   A        B        C        D        E       F      G
               +--------+--------+--------+--------+--------+-----+--------+
         Total |    434 |    431 |      3 |      0 |      0 |   3 |  144.7 |
       Dungeon |    434 |    431 |      3 |      0 |      0 |   3 |  144.7 |
               +--------+--------+--------+--------+--------+-----+--------+

Top non-repeatable levels by time:
     D:1: 150 daAuts
     D:2: 145 daAuts
     D:3: 137 daAuts
